 Dungeon Crawl Stone Soup version 0.31-a0-408-gb642c7f9a3 (webtiles) character file.

Game seed: 1283976580394173444

94 horus123 the Shooter (level 4, -1/36 HPs)
             Began as a Demigod Hunter on July 30, 2023.
             Slain by a gnoll
             ... wielding a +0 club
              (3 damage)
             ... on level 2 of the Dungeon.
             The game lasted 00:02:50 (1193 turns).

horus123 the Shooter (Demigod Hunter)               Turns: 1193, Time: 00:02:51

Health: -1/36      AC:  4    Str: 12    XL:     4   Next: 16%
Magic:  6/6        EV: 12    Int: 11    God:
Gold:   77         SH:  5    Dex: 21    Spells: 3/3 levels left

rFire   . . .        g - +0 triple crossbow
rCold   . . .        (shield currently unavailable)
rNeg    . . .        c - +0 leather armour
rPois   .            (no helmet)
rElec   .            (no cloak)
rCorr   +            o - +0 pair of gloves
SInv    .            (no boots)
Will    .....        i - amulet of reflection
Stlth   ++           q - ring of resist corrosion
HPRegen 0.26/turn    (no ring)
MPRegen 0.10/turn

%: reflection
@: no status effects
A: high MP 1, forlorn, divine attributes
a: no special abilities


You were on level 2 of the Dungeon.
You visited 1 branch of the dungeon, and saw 2 of its levels.

You collected 77 gold pieces.

Inventory:

Hand Weapons
 a - a +0 shortbow
 g - a +0 triple crossbow (weapon)
Armour
 c - a +0 leather armour (worn)
 o - a +0 pair of gloves (worn)
Jewellery
 i - an amulet of reflection (around neck)
 q - a ring of resist corrosion (left hand)
Scrolls
 b - a scroll of butterflies
 f - 3 scrolls of noise {unknown}
 h - a scroll of poison {unknown}
 j - a scroll of amnesia {unknown}
 k - a scroll of identify {unknown}
 n - a scroll of enchant armour {unknown}
Potions
 d - 2 potions of heal wounds {unknown}
 e - a potion of might {unknown}
 l - a potion of degeneration {unknown}
 m - a potion of resistance {unknown}
 p - a potion of enlightenment {unknown}
 r - a potion of lignification {unknown}


   Skills:
 - Level 1.7 Fighting
 + Level 5.4 Ranged Weapons
 - Level 1.7 Dodging
 - Level 0.8 Stealth


You had 3 spell levels left.
You didn't know any spells.
Your spell library contained the following spells:

 Spells                   Type           Power      Damage    Failure   Level
 Apportation              Tloc           0%         N/A       41%         1
 Alistair's Intoxication  Tmut/Pois      0%         N/A       100%        5


Dungeon Overview and Level Annotations

Branches:
Dungeon (2/15)

Shops:
D:2 =(


Innate Abilities, Weirdness & Mutations

You have an increased reservoir of magic. (+10% MP)
You shall have no god before yourself.
Your divine heritage dramatically boosts your attributes as you level up.


Message History

The gnoll throws a throwing net.
The throwing net hits you.
You become entangled in the net!
You cannot shoot with your triple crossbow while held in a net.
You cannot shoot with your triple crossbow while held in a net.
Unknown command.
You struggle against the net.
You struggle against the net.
You cannot shoot with your triple crossbow while held in a net.
Unknown command.
Unknown command.
You shred the net and break free!
The gnoll throws a throwing net.
The throwing net hits you.
You become entangled in the net!
You tear a large gash into the net.
You struggle against the net.
The gnoll hits you with a +0 flail. The gnoll hits you with a +0 club.
You shred the net and break free! The gnoll closely misses you.
The gnoll misses you.
Okay, then.
You shoot a bolt. The bolt barely misses the gnoll.
The gnoll hits you with a +0 flail. The gnoll closely misses you.
The gnoll hits you with a +0 flail! The gnoll closely misses you.
You shoot a bolt. The bolt barely misses the gnoll.
The gnoll closely misses you. The gnoll hits you with a +0 club.
The gnoll barely misses you. The gnoll hits you with a +0 club.
Fire: g) +0 triple crossbow
Press: ? - help, Q - select action Shift-Dir - straight line, f/p - gnoll
Aim: a gnoll, wielding a +0 flail (lightly wounded, 63% to hit)
You shoot a bolt. The bolt closely misses the gnoll.
The gnoll barely misses you. The gnoll hits you with a +0 club.
* * * LOW HITPOINT WARNING * * *
The gnoll barely misses you. The gnoll closely misses you.
Fire: g) +0 triple crossbow
Press: ? - help, Q - select action Shift-Dir - straight line, f/p - gnoll
Aim: a gnoll, wielding a +0 flail (lightly wounded, 63% to hit)
You shoot a bolt. The bolt hits the gnoll!!
You kill the gnoll!
The gnoll hits you with a +0 club!
* * * LOW HITPOINT WARNING * * *
The gnoll hits you with a +0 club.
You die...

.####..<..........#
#.#######
...#..#########...#
....# ##)...#### #...#
.#### ###.#....# #...#.#
# #.####.######.....
###.# #......####.#
.##.#########.####.#
..........###......#
....#####...####@.##
###########.....)g.....)
### #.......###.....###
..####.......# #.###.#
#...##.......# .)# .#
##.###.......# .## #
#..###.......# .
.............#..
..####.......#


You could see a gnoll.

Vanquished Creatures
  Jessica (D:2)
  3 adders (D:2)
  2 gnolls (D:2)
  2 dart slugs (D:1)
  4 endoplasms
  2 giant cockroaches
  3 goblins (D:1)
  4 kobolds
  A quokka (D:2)
  2 ball pythons (D:1)
  3 bats (D:1)
  2 frilled lizards
  A rat (D:1)
30 creatures vanquished.

Notes
Turn   | Place    | Note
-------+----------+-------------------------------------------
     0 | D:1      | horus123 the Demigod Hunter began the quest for the Orb.
     0 | D:1      | Reached XP level 1. HP: 17/17 MP: 3/3
     2 | D:1      | Noticed a demonspawn
     2 | D:1      | Noticed a draconian
     4 | D:1      | Noticed an armataur
     4 | D:1      | Noticed an elf
     6 | D:1      | Noticed a demigod
     6 | D:1      | Noticed a troll
     8 | D:1      | Noticed a felid
    10 | D:1      | Noticed a ghoul
    10 | D:1      | Noticed a merfolk
    12 | D:1      | Noticed a minotaur
    12 | D:1      | Noticed a tengu
    14 | D:1      | Noticed a human
    14 | D:1      | Noticed a vampire
    16 | D:1      | Noticed an ogre
    16 | D:1      | Noticed an octopode
    18 | D:1      | Noticed a meteoran
    18 | D:1      | Noticed a vine stalker
    20 | D:1      | Noticed a spriggan
    22 | D:1      | Noticed a formicid
    22 | D:1      | Noticed a gargoyle
    24 | D:1      | Noticed a minotaur
    26 | D:1      | Noticed a ghoul
    26 | D:1      | Noticed a draconian
   108 | D:1      | Reached skill level 4 in Ranged Weapons
   162 | D:1      | Reached XP level 2. HP: 24/24 MP: 4/4
   856 | D:2      | Reached XP level 3. HP: 29/29 MP: 5/5
   887 | D:2      | Noticed Jessica
   888 | D:2      | Killed Jessica
   889 | D:2      | Reached skill level 5 in Ranged Weapons
   952 | D:2      | Reached XP level 4. HP: 36/36 MP: 6/6
   997 | D:2      | Found Xonlont's Weapon Shoppe.
  1026 | D:2      | Found Hizaimi's Jewellery Shoppe.
  1193 | D:2      | Slain by a gnoll

Illustrated notes

Levels and vault maps discovered:
D:1:      kb_arrival_jail, layout_basic, nrook_campfire
D:2:      layout_rooms, serial_shops, nicolae_shop_peninsula,
          nicolae_shop_waterfront, uniq_jessica

Skill      XL: |  1  2  3 |
---------------+----------+-----
Ranged Weapons | 4 5 |  5.4
Fighting       | |  1.7
Dodging        | |  1.7
Stealth        | |  0.8

Action                     |  1- 3 |  4- 6 || total
---------------------------+-------+-------++-------
   Fire: Shortbow          |    18 |       ||    18
         Triple crossbow   |    38 |    10 ||    48
 Armour: Leather armour    |    11 |       ||    11
  Dodge: Dodged            |    15 |     9 ||    24
  Block: Other             |     8 |       ||     8

Table legend: (Time is in decaauts)
 A = Elapsed time spent in this place.
 B = Non-inter-level travel time spent in this place.
 C = Inter-level travel time spent in this place.
 D = Time resting spent in this place.
 E = Time spent auto-exploring this place.
 F = Levels seen in this place.
 G = Mean time per level.
                   A        B        C        D        E       F      G
               +--------+--------+--------+--------+--------+-----+--------+
         Total |   1248 |   1241 |      7 |      0 |   1017 |   2 |  624.0 |
       Dungeon |   1248 |   1241 |      7 |      0 |   1017 |   2 |  624.0 |
               +--------+--------+--------+--------+--------+-----+--------+

Top non-repeatable levels by time:
     D:1: 800 daAuts
     D:2: 448 daAuts
